 Dungeon Crawl Stone Soup version 0.29.1-2-gbd0b4ee654 (webtiles) character file.

Game seed: 5266130259313202513

59 qeuew the Sneak (level 3, -1/16 HPs)
             Began as a Spriggan Enchanter on Nov 11, 2022.
             Slain by a goblin
             ... wielding a +0 club
             ... led by Robin
              (5 damage)
             ... on level 2 of the Dungeon.
             The game lasted 00:02:34 (2246 turns).

qeuew the Sneak (Spriggan Enchanter)                Turns: 2246, Time: 00:02:35

Health: -1/16      AC:  2    Str:  4    XL:     3   Next: 78%
Magic:  8/8        EV: 18    Int: 16    God:
Gold:   98         SH:  0    Dex: 17    Spells: 6/8 levels left

rFire   . . .      SeeInvis +   a - +1 dagger
rCold   . . .      Faith    .   (no shield)
rNeg    . . .      Spirit   .   b - +0 robe
rPois   .          Reflect  .   (helmet restricted)
rElec   .          Harm     .   (no cloak)
rCorr   .          Rampage  .   (gloves unavailable)
Will    .....                   (boots unavailable)
Stlth   +++.......              (no amulet)
HPRegen 0.05/turn               (no ring)
MPRegen 0.11/turn               (no ring)

@: very quick
A: very small, no large weapons, unfitting armour, see invisible, speed 3
a: no special abilities


You were on level 2 of the Dungeon.
You visited 1 branch of the dungeon, and saw 2 of its levels.

You collected 98 gold pieces.

Inventory:

Hand Weapons
 a - a +1 dagger (weapon)
Armour
 b - a +0 robe (worn)
Jewellery
 h - a +6 ring of strength
 l - a ring of protection from cold
Scrolls
 d - 2 scrolls of identify
 e - 2 scrolls of enchant armour
 f - a scroll of brand weapon
 g - a scroll of vulnerability
 i - a scroll of butterflies {unknown}
 j - a scroll of teleportation {unknown}
Potions
 c - 2 potions of invisibility
 k - a potion of attraction {unknown}
 m - a potion of mutation {unknown}


   Skills:
 + Level 2.0 Short Blades
 + Level 3.5 Dodging
 + Level 5.1 Stealth
 + Level 3.2 Spellcasting
 + Level 4.1 Hexes


You had 6 spell levels left.
You knew the following spells:

 Your Spells              Type           Power      Damage    Failure   Level
a - Ensorcelled Hibernat  Hex/Ice        18%        N/A       12%         2

Your spell library contained the following spells:

 Spells                   Type           Power      Damage    Failure   Level
 Confusing Touch          Hex            16%        N/A       10%         3
 Tukima's Dance           Hex            16%        N/A       10%         3
 Dazzling Flash           Conj/Hex       18%        N/A       24%         3


Dungeon Overview and Level Annotations

Branches:
Dungeon (2/15)

Altars:
Ru

Annotations:
D:2 Robin


Innate Abilities, Weirdness & Mutations

You are very small and have problems with some larger weapons.
You are too small for most types of armour.
You have supernaturally acute eyesight. (SInv)
You cover ground extremely quickly. (Speed+++)


Message History

Your Short Blades skill increases to level 2!
You now have 98 gold pieces (gained 11).
Found a sacrificial altar of Ru.
No target in view!
A hobgoblin comes into view.
A goblin comes into view. It is wielding a +0 club.
A hobgoblin comes into view.
The goblin shouts!
You hear a shout!
The hobgoblin shouts! x2
The goblin shouts!
Robin shouts!
You hear a shout!
You hit the hobgoblin.
The hobgoblin is severely wounded.
Robin throws the goblin at you! The hobgoblin closely misses you.
The goblin barely misses you.
You hit the hobgoblin but do no damage.
The hobgoblin is severely wounded.
The hobgoblin hits you. The goblin completely misses you.
You hit the hobgoblin but do no damage.
The hobgoblin is severely wounded.
The hobgoblin barely misses you. The goblin completely misses you.
You hit the hobgoblin.
You kill the hobgoblin!
A hobgoblin comes into view.
The goblin hits you with a +0 club. Robin hits you with a +0 whip.
* * * LOW HITPOINT WARNING * * *
You are too injured to fight recklessly!
You are too injured to fight recklessly!
You are too injured to fight recklessly!
You are too injured to fight recklessly!
You are too injured to fight recklessly!
You are too injured to fight recklessly!
You are too injured to fight recklessly!
You are too injured to fight recklessly!
You are too injured to fight recklessly!
You are too injured to fight recklessly!
You are too injured to fight recklessly!
Robin roars a battlecry!
The goblins go into a battle-frenzy!
The goblin hits you with a +0 club.
You die...

g. #.# gg #.# .# ###
#.# ..# #.# #.# #.#
#.# ##.##
##.######)..###
#..g>.........#
#g..@...#.....#
#..gg.g......##.#..#
######..._..#####..#
#......# #..#
#......# #..#
#..###.# #..# #..#
#.# #..### ...# #.#
#....# ##...#


You could see Robin, 2 hobgoblins and 2 goblins.

Vanquished Creatures
  2 adders (D:2)
  2 ball pythons (D:2)
  An endoplasm (D:2)
  4 giant cockroaches
  11 goblins
  3 hobgoblins
  3 jackals (D:1)
  3 bats
  3 frilled lizards
  3 kobolds (D:1)
  4 rats (D:1)
39 creatures vanquished.

Notes
Turn   | Place    | Note
-------+----------+-------------------------------------------
     0 | D:1      | qeuew the Spriggan Enchanter began the quest for the Orb.
     0 | D:1      | Reached XP level 1. HP: 9/9 MP: 5/5
   228 | D:1      | Found a faded altar of an unknown god.
   297 | D:1      | Reached XP level 2. HP: 11/13 MP: 6/6
   684 | D:1      | Learned a level 2 spell: Ensorcelled Hibernation
  1553 | D:2      | Reached XP level 3. HP: 16/16 MP: 8/8
  1575 | D:2      | Reached skill level 5 in Stealth
  1656 | D:2      | Noticed Robin
  2233 | D:2      | Found a sacrificial altar of Ru.
  2246 | D:2      | Slain by a goblin

Illustrated notes

Levels and vault maps discovered:
D:1:      dpeg_arrival_castle, layout_basic,
          ebering_ecumenical_altar_sacrificial
D:2:      layout_loops_ring, basic_altar, uniq_robin

Skill      XL: |  1  2  3 |
---------------+----------+-----
Dodging        | 3 |  3.5
Spellcasting   | 3 |  3.2
Hexes          | 4 |  4.1
Stealth        | 5 |  5.1
Short Blades   | 2 |  2.0

Action                   || total
-------------------------++-------
Melee: Dagger            ||   136
  Use: Scroll            ||     3
 Stab: Sleeping          ||    11
Armor: Robe              ||    15
Dodge: Dodged            ||   151
